 Dungeon Crawl Stone Soup version 0.20-a0-449-g96be121 (webtiles) character file.

12205 N00B the Carver (level 11, -2/84 HPs)
             Began as a Barachian Monk on Jan 7, 2017.
             Was the Champion of Cheibriados.
             Slain by a two-headed ogre
             ... wielding a +0 giant club
              (11 damage)
             ... on level 2 of the Orcish Mines.
             The game lasted 00:20:11 (10577 turns).

N00B the Carver (Barachian Monk)                   Turns: 10577, Time: 00:20:12

Health: -2/84      AC: 12    Str: 31    XL:     11   Next: 89%
Magic:  0/25       EV: 16    Int: 24    God:    Cheibriados [******]
Gold:   463        SH:  0    Dex: 28    Spells: 14/16 levels left

rFire  . . .     SeeInvis .     G - +13 scythe of Curses {drain, *Curse} (curse)
rCold  . . .     Gourm    .     J - +0 scale mail "Fikh" {rCorr Str+4 Int-2} (curse)
rNeg   . . .     Faith    .     (shield currently unavailable)
rPois  +         Spirit   +     v - +2 helmet (curse)
rElec  +         Reflect  .     y - +0 cloak (curse)
rCorr  +         Harm     .     A - +0 pair of gloves (curse)
MR     .....     Rnd*Rage +     n - -2 pair of boots of True Grit {rElec rPois Str+3 Stlth-} (curse)
Stlth  ..........               f - amulet of guardian spirit (curse)
                                (no ring)
                                b - ring of magical power (curse)

@: slowed, very slow
A: swims, berserk 1, slowness 1, weak 1, strong legs 1
a: Hop, Bend Time, Temporal Distortion, Slouch, Step From Time, Renounce
Religion


You were on level 2 of the Orcish Mines.
You worshipped Cheibriados.
Cheibriados was exalted by your worship.
You were not hungry.

You visited 2 branches of the dungeon, and saw 12 of its levels.

You collected 863 gold pieces.
You spent 400 gold pieces at shops.

Inventory:

Hand Weapons
 a - a cursed +0 falchion
 t - a cursed +1 long sword
 F - a cursed +1 scimitar of slicing
 G - the cursed +13 scythe of Curses (weapon) {drain, *Curse}
   (You found it on level 7 of the Dungeon)

   A truly terrible weapon, it drains the life of those it strikes.
   It may re-curse itself when equipped.
   It has a curse placed upon it.
Armour
 g - a cursed +0 scale mail
 i - a cursed +0 ring mail of magic resistance
 n - the cursed -2 pair of boots of True Grit (worn) {rElec rPois Str+3 Stlth-}
   (You bought it in a shop on level 6 of the Dungeon)

   It affects your strength (+3).
   It insulates you from electricity.
   It protects you from poison.
   It makes you less stealthy.
   It has a curse placed upon it.
 v - a cursed +2 helmet (worn)
 y - a cursed +0 cloak (worn)
 A - a cursed +0 pair of gloves (worn)
 I - a cursed +0 ring mail of fire resistance
 J - the cursed +0 scale mail "Fikh" (worn) {rCorr Str+4 Int-2}
   (You found it on level 8 of the Dungeon)

   It affects your strength (+4).
   It affects your intelligence (-2).
   It protects you from acid and corrosion.
   It has a curse placed upon it.
Jewellery
 b - a cursed ring of magical power (left hand)
 f - a cursed amulet of guardian spirit (around neck)
 r - a cursed ring of ice
 s - a cursed amulet of magic regeneration
 H - a cursed ring of fire
Wands
 q - a wand of iceblast (11/15)
 M - a wand of disintegration (7/24)
 N - a wand of digging (10/24)
 O - a wand of flame (19/48)
Scrolls
 e - 3 scrolls of teleportation
 h - 4 scrolls of enchant weapon
 l - 7 scrolls of remove curse
 o - 3 scrolls of immolation
 B - a scroll of vulnerability
 C - 2 scrolls of amnesia
 K - a scroll of identify
Potions
 j - a potion of flight
 m - 2 potions of brilliance
 x - a potion of degeneration
 E - a potion of cure mutation
Books
 p - a book of Minor Magic

   Spells                             Type                      Level
   a - Magic Dart                     Conjuration                  1
   b - Blink                          Translocation                2
   c - Call Imp                       Summoning                    2
   d - Repel Missiles                 Charms/Air                   2
   e - Slow                           Hexes                        2
   f - Conjure Flame                  Conjuration/Fire             3
   g - Mephitic Cloud                 Conjuration/Poison/Air       3
Miscellaneous
 P - a box of beasts
Comestibles
 c - 10 bread rations
 k - 6 fruits
 u - 3 beef jerkies
 w - 9 slices of pizza


   Skills:
 + Level 7.2 Fighting
 - Level 11.5 Long Blades
 * Level 8.4 Polearms
 + Level 6.4 Armour
 + Level 5.5 Dodging
 - Level 2.0 Stealth
 * Level 3.1 Spellcasting
 * Level 3.6 Translocations
 * Level 6.8 Invocations


You had 14 spell levels left.
You knew the following spells:

 Your Spells              Type           Power        Failure   Level  Hunger
a - Blink                 Tloc           N/A          10%         2    ##.....


Dungeon Overview and Level Annotations

Branches:
Dungeon (10/15)            Temple (0/1) D:4             Orc (2/2) D:10
    Elf (0/3) Orc:2
   Lair: D:8-11

Altars:
Ashenzari
Cheibriados
Fedhas
Gozag
Hepliaklqana
Makhleb
Okawaru
Qazlal
Uskayaw
Vehumet
Xom
Zin
The Shining One
Beogh

Shops:
D:6 *[:}%   Orc:2 ([%[

Annotations:
D:5 exclusion: oklob plant
D:6 Prince Ribbit


Innate Abilities, Weirdness & Mutations

You can swim through water.
You cover ground slowly.
You can hop short distances.
You tend to lose your temper in combat.
You are weak. (Str -2)


Message History

The two-headed ogre hits your reaper with a giant club!
The two-headed ogre hits your reaper with a giant club.
The ogre yells at you, "GO AWAY!"
The two-headed ogre completely misses your reaper.
The two-headed ogre hits your reaper with a giant spiked club!
Your reaper dies!
The two-headed ogre hits your soul eater with a giant club!
The two-headed ogre hits your soul eater with a giant spiked club!
Unknown command.
Your surroundings suddenly seem different.
A two-headed ogre comes into view.
It is wielding a dire flail and a giant spiked club.
The two-headed ogre shouts in stereo!
A two-headed ogre comes into view.
It is wielding a giant spiked club and a giant club.
The two-headed ogre shouts in stereo!
An ogre comes into view. It is wielding a giant club.
The ogre shouts!
The two-headed ogre seems to regain its courage.
The two-headed ogre misses you.
The two-headed ogre hits you with a giant club!
You die...

.W............ ..W...∩∩....O
.O...O∩∩.... ...W.O.....
.......O .)... .
######O.########..
.....O....@.........
...................
####........O)OO..##
##.#...........O..##
#.......O....O.OO## #
#........O.O..O)##
##.#.............O#)#########
#.............O...O3O.......#
#.#..............#O#########


You could see 8 two-headed ogres, an ogre mage, 3 wraiths, 13 ogres and a
friendly soul eater.

Vanquished Creatures
  Erolcha (Orc:2)
  A two-headed ogre (D:9)
  2 ogre magi (Orc:2)
  Pikel (D:6)
  An orc sorcerer (Orc:1)
  Joseph (D:8)
  Maurice (D:8)
  A troll (D:10)
  Grinder (D:6)
  2 hippogriffs (D:8)
  A wyvern (D:6)
  A yak (D:8)
  A hungry ghost (D:7)
  2 hogs (D:8)
  A warg (Orc:1)
  6 ice beasts
  7 orc warriors
  A phantom (D:7)
  A black bear (D:6)
  A hornet zombie (D:6)
  4 centaurs
  4 ogres
  A crocodile (D:7)
  A big kobold (D:7)
  4 bullfrogs
  5 killer bees (D:8)
  A scorpion (D:7)
  A bullfrog zombie (D:5)
  A jelly (D:7)
  Crazy Yiuf (D:6)
  7 hounds
  9 orc priests
  A bullfrog skeleton (D:9)
  An iguana (D:5)
  Terence (D:3)
  Ijyb (D:3)
  17 orc wizards
  10 worker ants
  A hound zombie (D:7)
  6 adders
  A howler monkey skeleton (D:5)
  2 shadow imps
  3 oozes
  An adder zombie (D:7)
  6 worms
  2 adder skeletons
  4 dart slugs
  6 leopard geckos
  60 orcs
  7 giant cockroaches
  5 goblins
  10 hobgoblins
  25 jackals
  5 quokkas
  A ball python (D:3)
  6 bats
  4 frilled lizards
  A jackal skeleton (D:5)
  15 kobolds
  A leopard gecko skeleton (D:6)
  A quokka skeleton (D:6)
  A quokka zombie (D:6)
  8 rats
286 creatures vanquished.

Vanquished Creatures (collateral kills)
  2 two-headed ogres (Orc:2)
  An ogre mage (Orc:2)
  The ghost of Jalan the Thaumaturge, a novice DEEE of Ashenzari (D:8)
  A human (D:8)
  A hog (D:8)
  An ogre (D:8)
  A big kobold (D:8)
8 creatures vanquished.

Vanquished Creatures (others)
  4 slaves (D:6)
  A hound zombie (D:6)
  An adder (D:6)
6 creatures vanquished.

Grand Total: 300 creatures vanquished

Notes
Turn   | Place    | Note
-------+----------+-------------------------------------------
     0 | D:1      | N00B the Barachian Monk began the quest for the Orb.
     0 | D:1      | Reached XP level 1. HP: 18/18 MP: 1/1
    61 | D:1      | Reached XP level 2. HP: 18/24 MP: 2/2
   370 | D:1      | Reached skill level 4 in Long Blades
   370 | D:1      | Reached XP level 3. HP: 21/29 MP: 3/3
   557 | D:1      | You fall through a shaft!
   562 | D:2      | Found a hide-covered altar of Uskayaw.
  1069 | D:1      | Reached skill level 1 in Armour
  1341 | D:2      | Reached XP level 4. HP: 31/37 MP: 4/4
  1437 | D:2      | Found a shimmering altar of Xom.
  1437 | D:2      | Found a shimmering altar of Xom.
  1438 | D:2      | Found a shimmering altar of Xom.
  1438 | D:2      | Found a shimmering altar of Xom.
  1438 | D:2      | Found a shimmering altar of Xom.
  1445 | D:2      | Found a shimmering altar of Xom.
  1832 | D:2      | You fall through a shaft!
  1954 | D:3      | Noticed Terence
  1978 | D:3      | Killed Terence
  1978 | D:3      | Reached skill level 5 in Long Blades
  1978 | D:3      | Reached XP level 5. HP: 42/42 MP: 5/5
  2622 | D:3      | Found a radiant altar of Vehumet.
  2641 | D:3      | Found a glowing silver altar of Zin.
  2644 | D:3      | Noticed Ijyb
  2649 | D:3      | Killed Ijyb
  3113 | D:4      | Reached XP level 6. HP: 46/48 MP: 6/6
  3201 | D:4      | Reached skill level 6 in Long Blades
  3389 | D:4      | Found a staircase to the Ecumenical Temple.
  3766 | D:4      | Found a burning altar of Makhleb.
  3906 | D:4      | Found a snail-covered altar of Cheibriados.
  3920 | D:4      | Became a worshipper of Cheibriados the Contemplative
  3920 | D:4      | Reached * piety under Cheibriados
  3920 | D:4      | Reached ** piety under Cheibriados
  4008 | D:5      | Entered Level 5 of the Dungeon
  4037 | D:5      | Reached XP level 7. HP: 54/55 MP: 7/7
  4087 | D:5      | Reached skill level 7 in Long Blades
  4121 | D:5      | Reached skill level 1 in Invocations
  4554 | D:5      | Reached skill level 8 in Long Blades
  4743 | D:5      | Reached skill level 5 in Fighting
  4761 | D:5      | Reached XP level 8. HP: 46/62 MP: 7/9
  4879 | D:5      | Reached *** piety under Cheibriados
  4915 | D:5      | Found a blossoming altar of Fedhas.
  4933 | D:5      | Noticed an oklob plant
  5394 | D:6      | Found a shattered altar of Ashenzari.
  5402 | D:6      | Found Qoutuir's Food Shop.
  5446 | D:6      | Noticed Pikel
  5456 | D:6      | Gained mutation: You are weak. (Str -2) [potion of mutation]
  5456 | D:6      | Gained mutation: You tend to lose your temper in combat. [potion of mutation]
  5473 | D:6      | Killed Pikel
  5473 | D:6      | Reached skill level 9 in Long Blades
  5691 | D:6      | Found Zoweab's Antique Armour Emporium.
  5700 | D:6      | Bought a pair of spiked boots for 256 gold pieces
  5705 | D:6      | Identified the -2 pair of boots of True Grit {rElec rPois Str+3 Stlth-} (You bought it in a shop on level 6 of the Dungeon)
  5755 | D:6      | Noticed a wyvern
  5766 | D:6      | Killed a wyvern
  5766 | D:6      | Reached XP level 9. HP: 38/68 MP: 5/11
  6048 | D:6      | Found an opulent altar of Gozag.
  6080 | D:6      | Noticed Grinder
  6103 | D:6      | Killed Grinder
  6103 | D:6      | Reached **** piety under Cheibriados
  6103 | D:6      | Reached skill level 10 in Long Blades
  6209 | D:6      | Found Raamaiw's Assorted Antiques.
  6226 | D:6      | Bought a scroll of teleportation for 54 gold pieces
  6233 | D:6      | Noticed Prince Ribbit
  6329 | D:6      | Found Ytta's Book Emporium.
  6414 | D:6      | Found Ipsofik's Gadget Emporium.
  6518 | D:6      | Found a runed door.
  6756 | D:6      | Noticed Crazy Yiuf
  6760 | D:6      | Killed Crazy Yiuf
  6920 | D:7      | Found a stormy altar of Qazlal.
  6922 | D:7      | Found an iron altar of Okawaru.
  7017 | D:7      | Reached skill level 11 in Long Blades
  7216 | D:7      | Reached ***** piety under Cheibriados
  7339 | D:7      | Found a glowing golden altar of the Shining One.
  7800 | D:6      | Bought an ivory ring for 90 gold pieces
  7823 | D:7      | Reached skill level 5 in Armour
  7850 | D:8      | Reached XP level 10. HP: 75/76 MP: 13/13
  7890 | D:8      | Noticed Joseph
  7897 | D:8      | Killed Joseph
  7897 | D:8      | Reached skill level 1 in Polearms
  7897 | D:8      | Reached skill level 5 in Invocations
  7911 | D:8      | Noticed Jalan's ghost (novice DEEE)
  7917 | D:8      | Killed Jalan's ghost
  7917 | D:8      | Reached skill level 5 in Dodging
  7931 | D:8      | Learned a level 2 spell: Blink
  7988 | D:8      | Got a transparent scale mail
  8000 | D:8      | Identified the cursed +0 scale mail "Fikh" {rCorr Str+4 Int-2} (You found it on level 8 of the Dungeon)
  8263 | D:8      | Noticed Maurice
  8287 | D:8      | Killed Maurice
  8319 | D:8      | Found a hazy altar of Hepliaklqana.
  8443 | D:8      | Reached skill level 5 in Polearms
  8448 | D:8      | Reached skill level 1 in Translocations
  8452 | D:8      | Reached skill level 1 in Spellcasting
  8702 | D:9      | Reached ****** piety under Cheibriados
  8814 | D:9      | Noticed a two-headed ogre
  8817 | D:9      | Killed a two-headed ogre
  8817 | D:9      | Reached XP level 11. HP: 80/83 MP: 15/15
  9383 | D:10     | Entered Level 10 of the Dungeon
  9645 | D:10     | Found a staircase to the Orcish Mines.
  9659 | D:10     | Found a roughly hewn altar of Beogh.
 10000 | Orc:1    | Entered Level 1 of the Orcish Mines
 10026 | Orc:1    | Noticed an orc sorcerer
 10031 | Orc:1    | Killed an orc sorcerer
 10317 | Orc:2    | Entered Level 2 of the Orcish Mines
 10359 | Orc:2    | Found a staircase to the Elven Halls.
 10454 | Orc:2    | Noticed Erolcha
 10461 | Orc:2    | Killed Erolcha
 10555 | Orc:2    | Noticed an ogre mage
 10555 | Orc:2    | Noticed a two-headed ogre
 10555 | Orc:2    | Noticed a two-headed ogre
 10556 | Orc:2    | Noticed an ogre mage
 10556 | Orc:2    | Noticed an ogre mage
 10556 | Orc:2    | Noticed an ogre mage
 10557 | Orc:2    | Noticed a two-headed ogre
 10557 | Orc:2    | Noticed a two-headed ogre
 10560 | Orc:2    | Noticed a two-headed ogre
 10560 | Orc:2    | Noticed a two-headed ogre
 10564 | Orc:2    | Noticed a two-headed ogre
 10564 | Orc:2    | Noticed a two-headed ogre
 10567 | Orc:2    | Killed an ogre mage
 10568 | Orc:2    | Killed an ogre mage
 10572 | Orc:2    | Noticed a two-headed ogre
 10572 | Orc:2    | Killed a two-headed ogre
 10573 | Orc:2    | HP: 4/84 [two-headed ogre/giant club (19)]
 10575 | Orc:2    | Killed a two-headed ogre
 10575 | Orc:2    | Killed an ogre mage
 10577 | Orc:2    | Found Nuofous's Antique Armour Emporium.
 10577 | Orc:2    | Found Atyrishri's Armour Boutique.
 10577 | Orc:2    | Found Fenuere's Food Boutique.
 10577 | Orc:2    | Found Latz's Antique Weapon Shoppe.
 10577 | Orc:2    | Noticed a two-headed ogre
 10577 | Orc:2    | Noticed a two-headed ogre
 10577 | Orc:2    | Slain by a two-headed ogre

Vault maps used:
D:1:      evilmike_arrival_hilbert_curve
D:2:      eat_drink_and_be_merry_uskayaw, first_bread, xom_redecorated
D:3:      lemuel_doored_altar, nicolae_overflow_hidden_temple, uniq_terence,
          uniq_iyjb
D:4:      kennysheep_slug_shrine, hangedman_decor_peaks_small,
          makhleb_blood_cavern_becter
D:5:      tgw_fedhas, grunt_tough_drop
D:6:      grunt_gozag_statues, lemuel_crystal_altar, serial_shops, shop, shop,
          nicolae_shop_waterfront, shop,
          nicolae_shop_temple_entry_statues_fountains, uniq_crazy_yiuf_cottage,
          uniq_grinder, uniq_prince_ribbit1, uniq_pikel
D:7:      tso_altar, chequers_temple_overflow_statue_of_worship
D:8:      nicolae_overflow_crystal_walls, grunt_livestock, uniq_joseph,
          uniq_maurice
D:10:     minmay_orc_entry_temple_small
Orc:1:    uniq_harold
Orc:2:    st_orc_ogre_mass, mines2_lemuel, uniq_erolcha, uniq_josephine

Skill      XL: |  1  2  3  4  5  6  7  8  9 10 11 |
---------------+----------------------------------+-----
Long Blades    | 4 5 6 8 9 11 | 11.5
Armour         | 1 2 4 5 6 |  6.4
Fighting       | 4 5 6 7 |  7.2
Invocations    | 1 3 4 6 |  6.8
Dodging        | 4 5 |  5.5
Polearms       | 5 8 |  8.4
Translocations | 1 3 |  3.6
Spellcasting   | 1 3 |  3.1
Stealth        | |  2.0

Action                   |  1- 3 |  4- 6 |  7- 9 | 10-12 || total
-------------------------+-------+-------+-------+-------++-------
Melee: Falchion          |   138 |   185 |       |       ||   323
       Long sword        |       |    83 |   347 |       ||   430
       Scythe            |       |       |     7 |   188 ||   195
 Cast: Blink             |       |       |       |     1 ||     1
Invok: Slouch            |       |       |       |     1 ||     1
Evoke: Wand              |       |       |       |     4 ||     4
       Box of beasts     |       |       |       |     2 ||     2
  Use: Potion            |       |     2 |     6 |     5 ||    13
       Scroll            |       |    12 |       |     7 ||    19
  Eat: Chunk             |     2 |    10 |     1 |       ||    13
       Meat ration       |       |       |     2 |       ||     2
       Bread ration      |       |       |       |     1 ||     1
       Royal jelly       |       |       |       |     1 ||     1
Armor: Robe              |     1 |       |       |       ||     1
       Ring mail         |    10 |     9 |   134 |     4 ||   157
       Scale mail        |    41 |   129 |       |    97 ||   267
       Skin              |       |    25 |    39 |       ||    64
Dodge: Dodged            |    68 |   157 |   233 |   261 ||   719
       Rpst.: Falchion   |    17 |    29 |       |       ||    46
       Long sword        |       |    18 |    79 |       ||    97
